 Dungeon Crawl Stone Soup version 0.27-a0-1325-g58a489a (webtiles) character file.

Game seed: 7799909772014436469

858 Illumine the Chopper (level 7, -2/62 HPs)
             Began as a Minotaur Fighter on June 23, 2021.
             Was an Initiate of Okawaru.
             Slain by an ogre (12 damage)
             ... on level 5 of the Dungeon.
             The game lasted 00:04:11 (2651 turns).

Illumine the Chopper (Minotaur Fighter)             Turns: 2651, Time: 00:04:12

Health: -2/62      AC: 10    Str: 23    XL:     7   Next: 71%
Magic:  6/6        EV:  6    Int:  5    God:    Okawaru [......]
Gold:   174        SH: 10    Dex:  9    Spells: 6/6 levels left

rFire    . . .     SeeInvis .   a - +0 war axe
rCold    . . .     Faith    .   c - +0 kite shield
rNeg     . . .     Spirit   .   q - +0 chain mail
rPois    .         Reflect  .   (helmet restricted)
rElec    .         Harm     .   (no cloak)
rCorr    .         Rampage  .   (no gloves)
Will     .....                  (no boots)
Stlth    ..........             k - amulet of regeneration
HPRegen  1.20/turn              (no ring)
MPRegen  0.10/turn              (no ring)

@: no status effects
A: horns 2, retaliatory headbutt
a: Renounce Religion


You were on level 5 of the Dungeon.
You worshipped Okawaru.
Okawaru was noncommittal.
You visited 2 branches of the dungeon, and saw 6 of its levels.

You collected 174 gold pieces.

Inventory:

Hand Weapons
 a - a +0 war axe (weapon)
 f - a +0 hunting sling
Missiles
 e - 75 sling bullets
 h - 7 atropa-tipped darts (quivered)
Armour
 c - a +0 kite shield (worn)
 q - a +0 chain mail (worn)
Jewellery
 k - an amulet of regeneration (around neck)
Scrolls
 g - a scroll of noise {unknown}
 i - a scroll of blinking {unknown}
 j - a scroll of amnesia {unknown}
 n - a scroll of brand weapon {unknown}
 o - a scroll of vulnerability {unknown}
 p - 2 scrolls of fog {unknown}
 r - a scroll of enchant armour {unknown}
Potions
 b - a potion of flight {unknown}
 d - 4 potions of might
 l - a potion of haste {unknown}
 m - 3 potions of heal wounds {unknown}
 s - 2 potions of berserk rage {unknown}
 t - a potion of curing {unknown}


   Skills:
 + Level 5.8 Fighting
 * Level 6.8 Axes
 + Level 5.8 Armour
 + Level 2.0 Dodging
 + Level 5.7 Shields


You had 6 spell levels left.
You didn't know any spells.
Your spell library was empty.

Dungeon Overview and Level Annotations

Branches:
Dungeon (5/15)             Temple (1/1) D:5

Altars:
Cheibriados
Dithmenos
Elyvilon
Fedhas
Gozag
Hepliaklqana
Kikubaaqudgha
Makhleb
Okawaru
Sif Muna
Trog
Uskayaw
Vehumet
Wu Jian
Xom
Zin
The Shining One

Shops:
D:4 ?

Annotations:
D:2 Sigmund


Innate Abilities, Weirdness & Mutations

You have a pair of horns on your head.
You reflexively headbutt those who attack you in melee.


Message History

You hit the centaur zombie.
You completely miss the water moccasin zombie.
The centaur zombie hits you but does no damage.
You block the centaur zombie's attack.
The water moccasin zombie barely misses you.
The ogre hits you with a +0 giant club!
You block the water moccasin zombie's attack.
The centaur zombie closely misses you.
The centaur zombie kicks you but does no damage.
You slash the ogre!
You headbutt the ogre, but do no damage.
The ogre is severely wounded.
You hit the water moccasin zombie. You slash the centaur zombie!
You block the ogre's attack. You block the centaur zombie's attack.
The centaur zombie kicks you but does no damage.
The water moccasin zombie barely misses you.
You furiously retaliate!
You headbutt the water moccasin zombie!
The centaur zombie hits you but does no damage.
The centaur zombie kicks you but does no damage.
You barely miss the ogre.
You headbutt the ogre, but do no damage.
The ogre is severely wounded.
You slash the centaur zombie!
You destroy the centaur zombie!
Okawaru accepts your kill.
Your chain mail prevents you from hitting the water moccasin zombie.
You block the water moccasin zombie's attack.
The ogre hits you with a +0 giant club!!
* * * LOW HITPOINT WARNING * * *
You block the water moccasin zombie's attack.
Your Dodging skill increases to level 2!
You hit the ogre.
The ogre is almost dead.
You barely miss the water moccasin zombie.
You block the ogre's attack.
The water moccasin zombie bites you but does no damage.
The water moccasin zombie bites you.
* * * LOW HITPOINT WARNING * * *
The ogre hits you with a +0 giant club!
You die...

.# ...# #!...........##
...# .....>........#
...#### ..............#
......###..............#
.#..#..................#
.#.).#.................#
###....# .......OZ......
.......## #.....@.........
....#...###.####..........
.>..###...........##......
....#.....................
.......#........##........
###.............##........
.#...###..................
.#..####..........<.......
..)####..<......##.######.#


You could see an ogre and a water moccasin zombie.

Vanquished Creatures
  Duvessa (D:4)
  2 ogres
  3 scorpions
  Dowan (D:4)
  A bullfrog zombie (D:5)
  A centaur zombie (D:5)
  A hound (D:4)
  An orc priest (D:5)
  Natasha (twice) (D:2)
  A hound zombie (D:4)
  2 hound skeletons
  A howler monkey zombie (D:5)
  4 adders
  An ufetubus (D:4)
  2 dart slugs
  7 orcs
  8 bats
  8 endoplasms
  5 giant cockroaches
  4 goblins
  3 hobgoblins (D:1)
  7 jackals
  6 quokkas
  4 ball pythons
  A frilled lizard (D:1)
  7 kobolds
  A rat (D:3)
85 creatures vanquished.

Notes
Turn   | Place    | Note
-------+----------+-------------------------------------------
     0 | D:1      | Illumine the Minotaur Fighter began the quest for the Orb.
     0 | D:1      | Reached XP level 1. HP: 19/19 MP: 0/0
   109 | D:1      | Reached XP level 2. HP: 25/27 MP: 1/1
   154 | D:1      | Reached skill level 3 in Axes
   401 | D:1      | Reached XP level 3. HP: 33/33 MP: 2/2
   638 | D:2      | Noticed Natasha
   643 | D:2      | Killed Natasha
   662 | D:2      | Reached XP level 4. HP: 40/40 MP: 3/3
   711 | D:2      | Noticed Natasha
   716 | D:2      | Noticed Sigmund
   717 | D:2      | Killed Natasha
   718 | D:2      | Reached skill level 4 in Axes
   969 | D:3      | Found a hide-covered altar of Uskayaw.
  1161 | D:3      | Found an ornate altar of the Wu Jian Council.
  1450 | D:3      | Reached XP level 5. HP: 47/47 MP: 4/4
  1525 | D:3      | Found a shimmering blue altar of Sif Muna.
  1591 | D:4      | Found Ijokim's Magic Scroll Shop.
  1609 | D:4      | Noticed an ogre
  1624 | D:4      | Killed an ogre
  1651 | D:4      | Reached skill level 5 in Axes
  1669 | D:4      | Reached XP level 6. HP: 55/55 MP: 5/5
  1738 | D:4      | Found a shadowy altar of Dithmenos.
  1738 | D:4      | Found a glowing golden altar of the Shining One.
  1771 | D:4      | Noticed Duvessa
  1781 | D:4      | Noticed Dowan
  1784 | D:4      | Killed Duvessa
  1785 | D:4      | Reached skill level 5 in Fighting
  1785 | D:4      | Reached skill level 5 in Armour
  1785 | D:4      | Reached skill level 5 in Shields
  1789 | D:4      | Killed Dowan
  1985 | D:4      | Found a bloodstained altar of Trog.
  2149 | D:4      | Reached skill level 6 in Axes
  2158 | D:4      | Found a shimmering altar of Xom.
  2251 | D:5      | Entered Level 5 of the Dungeon
  2262 | D:5      | Reached XP level 7. HP: 61/61 MP: 6/6
  2323 | D:5      | Reached skill level 1 in Dodging
  2509 | D:5      | Found a staircase to the Ecumenical Temple.
  2533 | Temple   | Entered the Ecumenical Temple
  2584 | Temple   | Became a worshipper of Warmaster Okawaru
  2651 | D:5      | Slain by an ogre

Illustrated notes

Levels and vault maps discovered:
D:1:      ncdulo_smallfort, layout_rooms, minmay_tripent
D:2:      layout_basic, hellmonk_ecumenical_altar_zigzags, basic_altar,
          uniq_natasha, uniq_sigmund
D:3:      layout_basic, lemuel_round_altar, lemuel_blue_sif_altar,
          amcnicky_altar_gilded
D:4:      layout_cave_pools, marbit_many_paths, trog_book,
          gammafunk_temple_overflow_pools, serial_shops, shop,
          item_on_display_a, uniq_duvessa
D:5:      layout_rooms, minmay_temple_entry_tees, minmay_pentangle,
          uniq_blork_the_orc, uniq_ijyb
Temple:   compressed_dpeg_circular_temple

Skill      XL: |  1  2  3  4  5  6  7 |
---------------+----------------------+-----
Axes           | 3 4 5 6 |  6.8
Fighting       | 4 5 |  5.8
Armour         | 4 5 |  5.8
Shields        | 4 5 |  5.7
Dodging        | 2 |  2.0

Action                   |  1- 3 |  4- 6 |  7- 9 || total
-------------------------+-------+-------+-------++-------
Melee: War axe           |    62 |   102 |    39 ||   203
       Headbutt          |    14 |    18 |     9 ||    41
Armor: Scale mail        |    42 |     9 |       ||    51
       Chain mail        |       |    41 |    22 ||    63
Dodge: Dodged            |    24 |    27 |    12 ||    63
Block: Kite shield       |    51 |    57 |    33 ||   141

Table legend: (Time is in decaauts)
 A = Elapsed time spent in this place.
 B = Non-inter-level travel time spent in this place.
 C = Inter-level travel time spent in this place.
 D = Time resting spent in this place.
 E = Time spent auto-exploring this place.
 F = Levels seen in this place.
 G = Mean time per level.
                   A        B        C        D        E       F      G
               +--------+--------+--------+--------+--------+-----+--------+
         Total |   2748 |   2628 |    120 |    187 |   1733 |   6 |  458.0 |
       Dungeon |   2681 |   2575 |    106 |    187 |   1690 |   5 |  536.2 |
        Temple |     66 |     52 |     14 |      0 |     43 |   1 |   66.0 |
               +--------+--------+--------+--------+--------+-----+--------+

Top non-repeatable levels by time:
     D:3: 870 daAuts
     D:4: 721 daAuts
     D:1: 553 daAuts
     D:5: 323 daAuts
     D:2: 212 daAuts
  Temple: 66 daAuts
